 Dungeon Crawl Stone Soup version 0.30-a0-719-gcc4359ea44 (webtiles) character file.

Game seed: 15662449566751894650

638 Dittersdorf the Covered (level 7, -3/44 HPs)
             Began as a Gargoyle Fighter on Jan 26, 2023.
             Slain by a gnoll
             ... wielding a +0 halberd
              (6 damage)
             ... on level 5 of the Dungeon.
             The game lasted 00:04:06 (3899 turns).

Dittersdorf the Covered (Gargoyle Fighter)          Turns: 3899, Time: 00:04:07

Health: -3/44      AC: 11    Str: 21    XL:     7   Next: 50%
Magic:  7/7        EV: 10    Int:  9    God:
Gold:   174        SH:  6    Dex:  9    Spells: 6/6 levels left

rFire   + . .      SeeInvis .    d - +0 morningstar
rCold   . . .      Faith    .    c - +1 buckler
rNeg    + . .      Spirit   .    b - +3 leather armour {rF+}
rPois   ∞          Reflect  .    (no helmet)
rElec   +          Harm     .    (no cloak)
rCorr   .          Rampage  .    (no gloves)
Will    .....                    (no boots)
Stlth   +                        (no amulet)
HPRegen 0.27/turn                i - ring of flight
MPRegen 0.10/turn                (no ring)

@: flying
A: sickness immunity, AC +4, negative energy resistance 1, electricity
resistance, torment resistance 1, petrification resistance
a: no special abilities


You were on level 5 of the Dungeon.
You visited 1 branch of the dungeon, and saw 5 of its levels.

You collected 174 gold pieces.

Inventory:

Hand Weapons
 d - a +0 morningstar (weapon)
Armour
 b - a +3 leather armour of fire resistance (worn)
 c - a +1 buckler (worn)
Jewellery
 i - a ring of flight (left hand)
Scrolls
 a - a scroll of identify
 e - 5 scrolls of teleportation
 f - 3 scrolls of blinking
 g - 2 scrolls of butterflies
Potions
 j - 2 potions of brilliance
 l - 3 potions of curing


   Skills:
 + Level 5.4 Fighting
 + Level 4.3 Maces & Flails
 + Level 5.4 Armour
 + Level 5.4 Shields


You had 6 spell levels left.
You didn't know any spells.
Your spell library contained the following spells:

 Spells                   Type           Power      Damage    Failure   Level
 Slow                     Hex            0%         N/A       52%         1
 Poisonous Vapours        Pois/Air       0%         N/A       65%         2
 Confusing Touch          Hex            0%         N/A       87%         3
 Gell's Gravitas          Tloc           0%         N/A       87%         3
 Mephitic Cloud           Conj/Pois/Air  0%         N/A       87%         3
 Teleport Other           Tloc           0%         N/A       87%         3
 Vampiric Draining        Necr           0%         2d6       87%         3
 Dispersal                Tloc           0%         N/A       100%        6
 Cigotuvi's Dreadful Rot  Necr/Pois/Air  Unusable   N/A       N/A         2

Dungeon Overview and Level Annotations

Branches:
Dungeon (5/15)
 Temple: D:4-7

Altars:
Qazlal
Trog
Vehumet
Wu Jian


Innate Abilities, Weirdness & Mutations

You are immune to sickness and miasma.
Your stone body is resilient. (AC +4)
You are immune to poison.
You resist negative energy. (rN+)
You are resistant to electric shocks. (rElec)
You are resistant to unholy torment.
You are immune to petrification.


Message History

* * * LOW HITPOINT WARNING * * *
The hound attacks as you move away! The hound bites you.
* * * LOW HITPOINT WARNING * * *
The hound attacks as you move away! The hound bites you but does no damage.
The hound attacks as you move away! The hound bites you but does no damage.
The hound attacks as you move away! The hound barely misses you.
The hound bites you.
* * * LOW HITPOINT WARNING * * *
The hound closely misses you. The hound barely misses you.
The hound attacks as you move away! The hound bites you but does no damage.
The hound bites you but does no damage. The hound attacks as you move away!
The hound bites you.
* * * LOW HITPOINT WARNING * * *
The hound attacks as you move away! The hound bites you but does no damage.
You puncture the hound!
You kill the hound!
The hound bites you but does no damage.
You closely miss the hound.
The hound is heavily wounded.
The hound bites you but does no damage.
The gnoll hits you from afar with a +0 halberd.
* * * LOW HITPOINT WARNING * * *
The hound bites you but does no damage. The gnoll hits you but does no damage.
You bludgeon the hound!!
You kill the hound!
The gnoll barely misses you. The gnoll hits you but does no damage.
You see here a hound corpse.
The gnoll attacks as you move away! The gnoll barely misses you.
The gnoll closely misses you. The gnoll hits you with a +0 halberd.
* * * LOW HITPOINT WARNING * * *
You see here a hound corpse.
You sock the gnoll!
The gnoll is heavily wounded.
The gnoll hits you but does no damage.
You closely miss the gnoll.
The gnoll is heavily wounded.
You block the gnoll's attack. The gnoll hits you with a +0 halberd.
You die...

...# #.........###
...# #.......†##
...# #######..#
#### #..## ####.##
#....# #.####
#####.#####.#
###g@.........#
##...####.######
########..### #.#
#..........# #.#
#..........#####.#
#................#
#...........###.###
#..............##.#
#........P..P.....#


You could see a gnoll.

Vanquished Creatures
  A black bear (D:4)
  An ogre (D:3)
  A necrophage (D:4)
  A scorpion (D:5)
  4 hounds
  A jelly (D:4)
  Ijyb (D:3)
  An iguana (D:5)
  3 adders
  2 ufetubi (D:4)
  3 worms
  2 dart slugs
  5 orcs
  5 ball pythons
  13 endoplasms
  A giant cockroach (D:1)
  15 goblins
  10 hobgoblins
  2 jackals (D:1)
  3 quokkas (D:1)
  6 bats
  3 frilled lizards
  7 kobolds
  3 rats
94 creatures vanquished.

Vanquished Creatures (others)
  2 fungi (D:5)
2 creatures vanquished.

Grand Total: 96 creatures vanquished

Notes
Turn   | Place    | Note
-------+----------+-------------------------------------------
     0 | D:1      | Dittersdorf the Gargoyle Fighter began the quest for the
                  | Orb.
     0 | D:1      | Reached XP level 1. HP: 14/14 MP: 1/1
   226 | D:1      | Reached XP level 2. HP: 14/19 MP: 2/2
   576 | D:1      | Reached XP level 3. HP: 22/23 MP: 3/3
   822 | D:2      | Reached XP level 4. HP: 21/29 MP: 4/4
  1319 | D:2      | Found a stormy altar of Qazlal.
  2297 | D:3      | Noticed an ogre
  2302 | D:3      | Killed an ogre
  2303 | D:3      | Reached XP level 5. HP: 29/34 MP: 5/5
  2379 | D:3      | Noticed Ijyb
  2402 | D:3      | Killed Ijyb
  2604 | D:3      | Found a radiant altar of Vehumet.
  2607 | D:3      | Found an ornate altar of the Wu Jian Council.
  2797 | D:4      | Noticed a black bear
  2811 | D:4      | HP: 1/34 [black bear (2)]
  2813 | D:4      | Killed a black bear
  2814 | D:4      | Reached XP level 6. HP: 2/39 MP: 6/6
  3293 | D:4      | Reached skill level 5 in Armour
  3293 | D:4      | Reached skill level 5 in Shields
  3355 | D:4      | Reached skill level 5 in Fighting
  3405 | D:4      | Reached XP level 7. HP: 44/44 MP: 7/7
  3657 | D:5      | Entered Level 5 of the Dungeon
  3707 | D:5      | Found a bloodstained altar of Trog.
  3897 | D:5      | HP: 2/44 [gnoll/+0 halberd (3)]
  3899 | D:5      | Slain by a gnoll

Illustrated notes

Levels and vault maps discovered:
D:1:      beargit_arrival_greenhouse, layout_basic
D:2:      layout_basic, basic_altar, minmay_fractal_squares_5
D:3:      layout_loops_corners, minitemple, minivault_19,
          kennysheep_cluttered_room, uniq_ijyb
D:4:      layout_loops_cross, amcnicky_mini_pool_small
D:5:      layout_basic, trog_hazing_becter, serial_shops, shop,
          dreamdust_gnoll_farm

Skill      XL: |  1  2  3  4  5  6  7 |
---------------+----------------------+-----
Fighting       | 4 5 |  5.4
Armour         | 4 5 |  5.4
Shields        | 4 5 |  5.4
Maces & Flails | 3 4 |  4.3

Action                     |  1- 3 |  4- 6 |  7- 9 || total
---------------------------+-------+-------+-------++-------
  Melee: Flail             |   105 |   126 |       ||   231
         Morningstar       |       |    52 |    63 ||   115
    Use: Scroll            |       |     8 |     1 ||     9
         Potion            |       |     1 |       ||     1
 Armour: Scale mail        |    69 |    36 |       ||   105
         Leather armour    |       |    64 |    71 ||   135
         Chain mail        |       |    15 |       ||    15
  Dodge: Dodged            |    56 |   100 |    64 ||   220
  Block: Buckler           |    14 |    54 |    19 ||    87

Table legend: (Time is in decaauts)
 A = Elapsed time spent in this place.
 B = Non-inter-level travel time spent in this place.
 C = Inter-level travel time spent in this place.
 D = Time resting spent in this place.
 E = Time spent auto-exploring this place.
 F = Levels seen in this place.
 G = Mean time per level.
                   A        B        C        D        E       F      G
               +--------+--------+--------+--------+--------+-----+--------+
         Total |   4005 |   3896 |    109 |    211 |   2909 |   5 |  801.0 |
       Dungeon |   4005 |   3896 |    109 |    211 |   2909 |   5 |  801.0 |
               +--------+--------+--------+--------+--------+-----+--------+

Top non-repeatable levels by time:
     D:2: 1072 daAuts
     D:4: 982 daAuts
     D:3: 959 daAuts
     D:1: 730 daAuts
     D:5: 261 daAuts
